 Dungeon Crawl Stone Soup version 0.30-a0-629-gd54f4be4f7 (webtiles) character file.

Game seed: 3720295528881853778

191 themarg the Insei (level 5, -1/41 HPs)
             Began as a Gnoll Transmuter on Jan 13, 2023.
             Slain by a bullfrog (8 damage)
             ... in a sewer.
             The game lasted 00:06:22 (1412 turns).

themarg the Insei (Gnoll Transmuter)                Turns: 1412, Time: 00:06:23

Health: -1/41      AC:  2    Str:  9    XL:     5   Next: 70%
Magic:  12/12      EV: 22    Int: 14    God:
Gold:   31         SH:  0    Dex: 18    Spells: 8/14 levels left

rFire   . . .      SeeInvis .      - Unarmed
rCold   . . .      Faith    .    (shield currently unavailable)
rNeg    . . .      Spirit   .    (body armour currently unavailable)
rPois   x          Reflect  .    (helmet currently unavailable)
rElec   .          Harm     .    (cloak currently unavailable)
rCorr   .          Rampage  .    (gloves currently unavailable)
Will    +....                    (boots currently unavailable)
Stlth   ++                       k - amulet of magic regeneration
HPRegen 0.26/turn                n - ring of willpower
MPRegen 0.53/turn                (no ring)

@: spider-form (expiring), wereblooded
A: venomous fangs, tiny, (fangs 1), strong nose, distributed training
a: End Transformation


You were in a sewer.
You were a venomous arachnid creature.
You visited 1 branch of the dungeon, and saw 3 of its levels.
You also visited: Sewer.

You collected 31 gold pieces.

Inventory:

Missiles
 d - 18 stones
Armour
 a - a +0 robe (melded)
 h - a +0 buckler
Jewellery
 k - an amulet of magic regeneration (around neck)
 n - a ring of willpower (left front pincers)
Scrolls
 c - 2 scrolls of teleportation {unknown}
 e - a scroll of torment {unknown}
 f - 2 scrolls of fear
 l - 2 scrolls of enchant armour {unknown}
 m - a scroll of brand weapon {unknown}
 o - a scroll of silence {unknown}
 p - 2 scrolls of poison {unknown}
 q - a scroll of magic mapping {unknown}
 s - a scroll of identify {unknown}
Potions
 b - 2 potions of lignification
 g - 2 potions of degeneration {unknown}
 i - a potion of curing {unknown}
 j - 3 potions of heal wounds {unknown}
 r - 2 potions of mutation {unknown}
 t - a potion of magic {unknown}


   Skills:
 + Level 3.1 Fighting
 + Level 1.6 Short Blades
 + Level 1.6 Long Blades
 + Level 1.6 Axes
 + Level 1.6 Maces & Flails
 + Level 1.6 Polearms
 + Level 1.6 Staves
 + Level 1.6 Ranged Weapons
 + Level 1.6 Throwing
 + Level 1.6 Armour
 + Level 4.8 Dodging
 + Level 1.6 Stealth
 + Level 1.6 Shields
 + Level 6.7 Unarmed Combat
 + Level 5.2 Spellcasting
 + Level 1.3 Conjurations
 + Level 1.3 Hexes
 + Level 1.3 Summonings
 + Level 1.3 Necromancy
 + Level 1.3 Translocations
 + Level 4.0 Transmutations
 + Level 1.3 Fire Magic
 + Level 1.3 Ice Magic
 + Level 1.3 Air Magic
 + Level 1.3 Earth Magic
 + Level 1.3 Poison Magic
 + Level 1.9 Invocations
 + Level 1.6 Evocations


You had 8 spell levels left.
You knew the following spells:

 Your Spells              Type           Power      Damage    Failure   Level
a - Beastly Appendage     Tmut           30%        N/A       11%         1
b - Wereblood             Tmut           15%        N/A       14%         2
c - Spider Form           Tmut/Pois      11%        N/A       36%         3

Your spell library contained the following spells:

 Spells                   Type           Power      Damage    Failure   Level
 Passwall                 Tmut/Erth      9%         N/A       22%         2
 Ensorcelled Hibernation  Hex/Ice        14%        N/A       34%         2
 Swiftness                Air            7%         N/A       52%         3
 Ice Form                 Ice/Tmut       11%        N/A       71%         4


Dungeon Overview and Level Annotations

Branches:
Dungeon (3/15)              Sewer (1/1)

Altars:

Annotations:
D:3 6 exclusions


Innate Abilities, Weirdness & Mutations

You are a venomous arachnid creature.
You have venomous fangs.
You are tiny and dextrous.
Your spellcasting is less reliable in this form.
Your armour is entirely melded.
You are incapable of wielding weapons or throwing items.
((You have very sharp teeth.))
Your uncanny sense of smell can sniff out nearby items.
Your experience applies equally to all skills.


Message History

You bite the ball python!
You feel a bit better.
You kill the ball python!
The bullfrog barely misses you. The adder closely misses you.
The bullfrog closely misses you. The ball python barely misses you.
The ball python bites you but does no damage.
The ball python constricts you. The bullfrog closely misses you.
You hit the bullfrog.
The bullfrog is poisoned.
The bullfrog is moderately wounded.
The bullfrog closely misses you. The adder barely misses you.
The bullfrog hits you. The ball python completely misses you.
The frilled lizard bites you. The ball python completely misses you.
The ball python constricts you. The bullfrog closely misses you.
The adder closely misses you.
You barely miss the frilled lizard. The bullfrog misses you.
The ball python misses you. The ball python barely misses you.
The ball python constricts you. The bullfrog misses you.
The frilled lizard barely misses you. The adder misses you.
The bullfrog misses you.
You closely miss the frilled lizard. The ball python completely misses you.
The bullfrog hits you. The ball python barely misses you.
The ball python constricts you. The adder bites you but does no damage.
The bullfrog closely misses you.
The frilled lizard completely misses you.
You barely miss the frilled lizard. The bullfrog hits you.
The ball python misses you. The bullfrog hits you.
* * * LOW HITPOINT WARNING * * *
The ball python closely misses you. The ball python constricts you.
The adder bites you.
* * * LOW HITPOINT WARNING * * *
The bullfrog closely misses you. The frilled lizard misses you.
You bite the ball python!
You feel a bit better.
You kill the ball python!
The bullfrog misses you. The ball python misses you. x2
The adder completely misses you. The bullfrog misses you.
You barely miss the ball python. The bullfrog hits you!
* * * LOW HITPOINT WARNING * * *
The frilled lizard completely misses you.
The ball python barely misses you. x2; The bullfrog barely misses you.
The adder completely misses you. The bullfrog hits you!
You die...

###################
###..≈~≈≈≈≈~~SF≈≈≈~~#.
##...~≈≈≈≈~≈~.sl≈~≈≈~~.
#.....≈≈≈~~~≈F≈S~~~~~~.
#.....~~~~≈~~≈≈~~~~~#..
##.....~~~~~≈≈≈≈≈≈~~~~..
#......≈≈≈≈≈≈≈≈≈≈≈≈≈~~..
#....###################
##...#### ∆ #....#..# ∆
#....'..# ∆


You could see 2 bullfrogs, an adder, a ball python and a frilled lizard.

Vanquished Creatures
  9 adders
  4 river rats (Sewer)
  A dart slug (D:2)
  13 ball pythons
  6 endoplasms
  5 giant cockroaches
  2 goblins
  A hobgoblin (D:1)
  5 quokkas
  2 bats (D:2)
  A frilled lizard (D:3)
  3 kobolds
  30 rats
82 creatures vanquished.

Notes
Turn   | Place    | Note
-------+----------+-------------------------------------------
     0 | D:1      | themarg the Gnoll Transmuter began the quest for the Orb.
     0 | D:1      | Reached XP level 1. HP: 17/17 MP: 6/6
   187 | D:1      | Reached XP level 2. HP: 20/23 MP: 5/7
   190 | D:1      | Learned a level 2 spell: Wereblood
   774 | D:2      | Reached skill level 5 in Spellcasting
   774 | D:2      | Reached XP level 3. HP: 28/28 MP: 7/9
   781 | D:2      | Learned a level 3 spell: Spider Form
   859 | D:2      | You fall into a shaft and drop 1 floor!
   884 | D:3      | Reached skill level 1 in Invocations
  1105 | D:3      | Found a glowing drain.
  1112 | D:3      | Reached skill level 1 in Short Blades
  1112 | D:3      | Reached skill level 1 in Long Blades
  1112 | D:3      | Reached skill level 1 in Axes
  1112 | D:3      | Reached skill level 1 in Maces & Flails
  1112 | D:3      | Reached skill level 1 in Polearms
  1112 | D:3      | Reached skill level 1 in Staves
  1112 | D:3      | Reached skill level 1 in Ranged Weapons
  1112 | D:3      | Reached skill level 1 in Throwing
  1112 | D:3      | Reached skill level 1 in Armour
  1112 | D:3      | Reached skill level 1 in Stealth
  1112 | D:3      | Reached skill level 1 in Shields
  1112 | D:3      | Reached skill level 1 in Evocations
  1131 | Sewer    | Entered a sewer
  1173 | Sewer    | Reached XP level 4. HP: 33/34 MP: 8/11
  1183 | Sewer    | Reached skill level 1 in Conjurations
  1183 | Sewer    | Reached skill level 1 in Hexes
  1183 | Sewer    | Reached skill level 1 in Summonings
  1183 | Sewer    | Reached skill level 1 in Necromancy
  1183 | Sewer    | Reached skill level 1 in Translocations
  1183 | Sewer    | Reached skill level 1 in Fire Magic
  1183 | Sewer    | Reached skill level 1 in Ice Magic
  1183 | Sewer    | Reached skill level 1 in Air Magic
  1183 | Sewer    | Reached skill level 1 in Earth Magic
  1183 | Sewer    | Reached skill level 1 in Poison Magic
  1250 | Sewer    | Reached XP level 5. HP: 38/40 MP: 12/12
  1412 | Sewer    | Slain by a bullfrog

Illustrated notes

Levels and vault maps discovered:
D:1:      shiori_shiawase, layout_rooms
D:2:      layout_basic, minmay_pentomino_t2
D:3:      layout_basic, mainiacjoe_overflow_cross_hatched, portal_sewer_entry_f
Sewer:    sewer_minmay_w

Skill      XL: |  1  2  3  4  5 |
---------------+----------------+-----
Spellcasting   | 5 |  5.2
Invocations    | 1 |  1.9
Short Blades   | 1 |  1.6
Long Blades    | 1 |  1.6
Axes           | 1 |  1.6
Maces & Flails | 1 |  1.6
Polearms       | 1 |  1.6
Staves         | 1 |  1.6
Ranged Weapons | 1 |  1.6
Throwing       | 1 |  1.6
Armour         | 1 |  1.6
Stealth        | 1 |  1.6
Shields        | 1 |  1.6
Evocations     | 1 |  1.6
Conjurations   | 1 |  1.3
Hexes          | 1 |  1.3
Summonings     | 1 |  1.3
Necromancy     | 1 |  1.3
Translocations | 1 |  1.3
Fire Magic     | 1 |  1.3
Ice Magic      | 1 |  1.3
Air Magic      | 1 |  1.3
Earth Magic    | 1 |  1.3
Poison Magic   | 1 |  1.3
Fighting       | 3 |  3.1
Transmutations | 4 |  4.0
Dodging        | |  4.8
Unarmed Combat | |  6.7

Action                   |  1- 3 |  4- 6 || total
-------------------------+-------+-------++-------
Melee: Unarmed           |    64 |    84 ||   148
       Kick              |     9 |       ||     9
       Headbutt          |     5 |       ||     5
       Bite              |     3 |       ||     3
 Cast: Beastly Appendage |    18 |       ||    18
       Spider Form       |     6 |    10 ||    16
       Wereblood         |     1 |     5 ||     6
  Use: Scroll            |     1 |       ||     1
 Stab: Sleeping          |     4 |       ||     4
Armor: Robe              |     8 |     2 ||    10
       Skin              |       |    13 ||    13
Dodge: Dodged            |    43 |   175 ||   218

Table legend: (Time is in decaauts)
 A = Elapsed time spent in this place.
 B = Non-inter-level travel time spent in this place.
 C = Inter-level travel time spent in this place.
 D = Time resting spent in this place.
 E = Time spent auto-exploring this place.
 F = Levels seen in this place.
 G = Mean time per level.
                   A        B        C        D        E       F      G
               +--------+--------+--------+--------+--------+-----+--------+
         Total |   1445 |   1422 |     23 |      0 |    671 |   4 |  361.2 |
       Dungeon |   1129 |   1106 |     23 |      0 |    665 |   3 |  376.3 |
         Sewer |    315 |    315 |      0 |      0 |      6 |   1 |  315.0 |
               +--------+--------+--------+--------+--------+-----+--------+

Top non-repeatable levels by time:
     D:2: 450 daAuts
     D:1: 403 daAuts
   Sewer: 315 daAuts
     D:3: 275 daAuts
